 Dungeon Crawl Stone Soup version 0.25-a0-109-ge9c0e85935 (webtiles) character file.

Game seed: 5561515573036740692, levelgen mode: deterministic

51 vurker the Skirmisher (level 4, -1/37 HPs)
             Began as a Formicid Abyssal Knight on Nov 18, 2019.
             Was a Believer of Lugonu.
             Slain by an orc wizard
             ... wielding a +0 dagger
              (2 damage)
             ... on level 2 of the Dungeon.
             The game lasted 00:02:36 (1873 turns).

vurker the Skirmisher (Formicid Abyssal Knight)     Turns: 1873, Time: 00:02:37

Health: -1/37      AC:  9    Str: 17    XL:     4   Next: 7%
Magic:  6/6        EV:  7    Int: 12    God:    Lugonu [**....]
Gold:   143        SH:  0    Dex: 10    Spells: 3/3 levels left

rFire    . . .     SeeInvis +   a - +1 hand axe
rCold    . . .     Gourm    +   (no shield)
rNeg     . . .     Faith    .   f - +0 chain mail
rPois    .         Spirit   .   (helmet unavailable)
rElec    .         Reflect  .   (no cloak)
rCorr    .         Harm     .   d - +0 pair of gloves
MR       ++...                  (no boots)
Stlth    ..........             j - amulet of the gourmand
HPRegen  0.12/turn              h - ring of protection from magic
MPRegen  0.10/turn              c - ring of protection from magic

@: no status effects
A: permanent stasis, dig shafts and tunnels, four strong arms, antennae 3
a: Dig, Shaft Self, Depart the Abyss, Bend Space, Renounce Religion


You were on level 2 of the Dungeon.
You worshipped Lugonu.
Lugonu was pleased with you.
You were not hungry.

You visited 1 branch of the dungeon, and saw 3 of its levels.
You visited the Abyss 1 time.

You collected 143 gold pieces.

Inventory:

Hand Weapons
 a - a +1 hand axe (weapon)
Armour
 d - a +0 pair of gloves (worn)
   (You found it on level 1 of the Dungeon)
 f - a +0 chain mail (worn)
   (You found it on level 1 of the Dungeon)
Jewellery
 c - a ring of protection from magic (right hand)
   (You found it on level 2 of the Dungeon)
 h - a ring of protection from magic (left hand)
   (You found it on level 1 of the Dungeon)
 j - an amulet of the gourmand (around neck)
   (You found it on level 1 of the Dungeon)
Scrolls
 g - a scroll of remove curse
Potions
 b - a potion of heal wounds
 i - a potion of ambrosia
Comestibles
 e - 6 rations


   Skills:
 + Level 3.7 Fighting
 * Level 3.2 Axes
 - Level 2.1 Armour
 - Level 0.8 Dodging
 + Level 3.0 Invocations


You had 3 spell levels left.
You didn't know any spells.
Your spell library was empty.

Dungeon Overview and Level Annotations

Branches:
Dungeon (3/15)

Altars:
Gozag
Zin


Innate Abilities, Weirdness & Mutations

You cannot be hasted, slowed, berserked, paralysed or teleported.
You can dig through walls and to a lower floor.
Your four strong arms can wield two-handed weapons with a shield.
You have a pair of large antennae on your head. (SInv)


Message History

The puff of flame hits you!
* * * LOW HITPOINT WARNING * * *
The orc wizard hits you but does no damage. x2
You climb upwards.
There is a stone staircase leading down here.
You closely miss the orc wizard. x2
The orc wizard hits you but does no damage.
The orc wizard hits you with a +0 dagger.
* * * LOW HITPOINT WARNING * * *
The orc wizard hits you but does no damage.
Your chain mail prevents you from hitting the orc wizard.
You hit the orc wizard but do no damage.
The orc wizard hits you but does no damage.
The orc wizard casts a spell.
The orc wizard seems to speed up.
The orc wizard completely misses you.
The orc wizard gestures wildly while chanting.
The orc wizard blinks!
You completely miss the orc wizard.
The orc wizard hits you but does no damage.
The orc wizard gestures at you while chanting.
The magic dart hits you.
* * * LOW HITPOINT WARNING * * *
Your chain mail prevents you from hitting the orc wizard.
The orc wizard barely misses you.
The orc wizard hits you but does no damage.
You miss the orc wizard. x2; The orc wizard barely misses you.
The orc wizard closely misses you. The orc wizard completely misses you.
The orc wizard points at you and mumbles some strange words.
The puff of flame hits you.
* * * LOW HITPOINT WARNING * * *
You hit the orc wizard. You closely miss the orc wizard.
The orc wizard hits you but does no damage.
The orc wizard barely misses you.
The orc wizard hits you but does no damage. x2
Unknown command.
You barely miss the orc wizard. You hit the orc wizard.
The orc wizard hits you but does no damage. x3
You barely miss the orc wizard.
You hit the orc wizard but do no damage.
The orc wizard hits you with a +0 dagger.
* * * LOW HITPOINT WARNING * * *
The orc wizard hits you but does no damage.
The orc wizard hits you with a +0 dagger.
* * * LOW HITPOINT WARNING * * *
You hit the orc wizard. You barely miss the orc wizard.
The orc wizard casts a spell at you. The puff of frost hits you.
* * * LOW HITPOINT WARNING * * *
The orc wizard hits you with a +0 dagger.
You die...

..## #.# ##'## #.# #.##.#.## ...#
#.# ##...###.# #...###.#
._.####.# ##.....##.# ####.#.##
...#.##.###.......#.# ##.#..##
####....##..........###.....#####
.........'..(....................
###...####.........####...#.#####
#.....# ##.....oo## ##.##.#
#.###.# ##....@## ####.# #.# #.#
##...## #.# #.###.# ######+## #.#
......# #......# ####.# #.#####
#.####.# #....# #.#######.# ##.##
#.#### #.##...##.###...## #.#
#.##.#...........# #.#
#.##...##.##....## #.#


You could see 2 orc wizards.

Vanquished Creatures
  2 worms (D:2)
  3 dart slugs
  A giant cockroach (D:2)
  4 goblins
  5 hobgoblins
  3 jackals (D:1)
  9 bats
  4 frilled lizards
  2 kobolds
  8 rats
41 creatures vanquished.

Notes
Turn   | Place    | Note
-------+----------+-------------------------------------------
     0 | Abyss:1  | vurker the Formicid Abyssal Knight began the quest for the
                  | Orb.
     0 | Abyss:1  | Reached XP level 1. HP: 18/18 MP: 2/2
    35 | Abyss:1  | Found a corrupted altar of Lugonu.
    41 | D:1      | Escaped the Abyss
   265 | D:1      | Reached XP level 2. HP: 24/24 MP: 3/3
   577 | D:1      | Reached XP level 3. HP: 27/29 MP: 4/4
   580 | D:1      | Reached ** piety under Lugonu
  1556 | D:2      | Reached XP level 4. HP: 37/37 MP: 6/6
  1803 | D:2      | Found an opulent altar of Gozag.
  1803 | D:2      | Found a glowing silver altar of Zin.
  1873 | D:2      | HP: 1/37 [orc wizard/puff of frost (4)]
  1873 | D:2      | Slain by an orc wizard

Levels and vault maps discovered:
D:1:      ncdulo_wetmaze, layout_loops_ring, hangedman_abyss_or_decor_stabs
D:2:      layout_loops_corners, grunt_temple_overflow_gold_and_silver,
          minmay_pentomino_s4
D:3:      layout_loops_ring, first_ration, uniq_robin

Skill      XL: |  1  2  3  4 |
---------------+-------------+-----
Axes           | 3 |  3.2
Invocations    | 3 |  3.0
Fighting       | |  3.7
Armour         | |  2.1
Dodging        | |  0.8

Action                   |  1- 3 |  4- 6 || total
-------------------------+-------+-------++-------
Melee: Hand axe          |   104 |    23 ||   127
  Use: Scroll            |     3 |       ||     3
  Eat: Chunk             |     4 |       ||     4
Armor: Chain mail        |    59 |    20 ||    79
Dodge: Dodged            |    39 |    15 ||    54

Table legend:
 A = Non-vault XP
 B = Vault XP
 C = Vault XP percentage of total XP
 D = Non-vault monster count
 E = Vault monster count
 F = Vault count percentage of total count
                 A         B        C        D         E       F
            +---------+---------+-------+---------+---------+-------
      Total |      66 |       8 |  10.8 |      38 |       3 |   7.3
            +---------+---------+-------+---------+---------+-------
        D:1 |      37 |       0 |   0.0 |      25 |       0 |   0.0
        D:2 |      27 |       8 |  22.9 |      12 |       3 |  20.0
        D:3 |       2 |       0 |   0.0 |       1 |       0 |   0.0
            +---------+---------+-------+---------+---------+-------
